 Dungeon Crawl Stone Soup version 0.24.0-41-g2ae2f7f1be (webtiles) character file.

Game seed: 6293035887664068952, levelgen mode: deterministic

358 FishyPogo the Insei (level 6, 0/47 HPs)
             Began as a Gnoll Transmuter on Dec 14, 2019.
             Succumbed to a killer bee's poison
             ... on level 4 of the Dungeon.
             The game lasted 00:09:38 (2507 turns).

FishyPogo the Insei (Gnoll Transmuter)              Turns: 2507, Time: 00:09:39

Health: 0/47       AC:  3    Str: 18 (19) XL:     6   Next: 64%
Magic:  12/14      EV: 15    Int: 14 (16) God:
Gold:   190        SH:  0    Dex: 14 (15) Spells: 11/15 levels left

rFire    + . .     SeeInvis .     - Unarmed
rCold    + . .     Gourm    .   (no shield)
rNeg     . . .     Faith    .   b - +0 robe
rPois    +         Spirit   .   (no helmet)
rElec    +         Reflect  .   (no cloak)
rCorr    +         Harm     .   n - +0 pair of gloves
MR       .....                  (boots currently unavailable)
Stlth    ++........             (no amulet)
HPRegen  0.15/turn              (no ring)
MPRegen  0.14/turn              (no ring)

@: mighty, lethally poisoned (0 -> -15), appendage (expiring), resistant
A: distributed training, fangs 1, talons 3, mutation resistance 1, poison
resistance, strong nose
a: End Transformation


You were on level 4 of the Dungeon.
You were not hungry.
You had grown temporary talons.
You visited 1 branch of the dungeon, and saw 4 of its levels.

You collected 190 gold pieces.

Inventory:

Missiles
 a - 77 arrows
 e - 77 stones (quivered)
 l - 23 poisoned darts
 v - 3 atropa-tipped darts
Armour
 b - a +0 robe (worn)
 n - a +0 pair of gloves (worn)
 r - a cursed +0 shield
Wands
 t - a wand of flame (14)
Scrolls
 c - 3 scrolls of remove curse {unknown}
 k - a scroll of fog {unknown}
 o - a scroll of immolation {unknown}
 q - 4 scrolls of identify {unknown}
 s - a scroll of random uselessness {unknown}
 u - 2 scrolls of blinking {unknown}
Potions
 j - 2 potions of degeneration
 m - a potion of mutation
 p - a potion of might
Comestibles
 d - 3 rations
 f - 10 chunks of flesh


   Skills:
 + Level 3.3 Fighting
 + Level 2.0 Short Blades
 + Level 2.0 Long Blades
 + Level 2.0 Axes
 + Level 2.0 Maces & Flails
 + Level 2.0 Polearms
 + Level 2.0 Staves
 + Level 2.0 Slings
 + Level 2.0 Bows
 + Level 2.0 Crossbows
 + Level 2.0 Throwing
 + Level 2.0 Armour
 + Level 5.0 Dodging
 + Level 2.0 Stealth
 + Level 2.0 Shields
 + Level 6.8 Unarmed Combat
 + Level 5.4 Spellcasting
 + Level 1.6 Conjurations
 + Level 1.6 Hexes
 + Level 1.6 Charms
 + Level 1.6 Summonings
 + Level 1.6 Necromancy
 + Level 1.6 Translocations
 + Level 4.1 Transmutations
 + Level 1.6 Fire Magic
 + Level 1.6 Ice Magic
 + Level 1.6 Air Magic
 + Level 1.6 Earth Magic
 + Level 1.6 Poison Magic
 + Level 2.2 Invocations
 + Level 2.0 Evocations


You had 11 spell levels left.
You knew the following spells:

 Your Spells              Type           Power        Failure   Level  Hunger
u - Spider Form           Tmut/Pois      ##........   16%         3    ###....
y - Beastly Appendage     Tmut           ###...       3%          1    None

Your spell library contained the following spells:

 Spells                   Type           Power        Failure   Level  Hunger
 Sticks to Snakes         Tmut           ###.....     4%          2    ##.....
 Ice Form                 Ice/Tmut       ##......     45%         4    ####...
 Blade Hands              Tmut           ###.......   63%         5    ######.


Dungeon Overview and Level Annotations

Branches:
Dungeon (4/15)
 Temple: D:4-7

Altars:


Innate Abilities, Weirdness & Mutations

Your experience applies equally to all skills.
You have very sharp teeth.
Your uncanny sense of smell can sniff out nearby items.
You have claws for feet.
You are somewhat resistant to further mutation.
Your system is resistant to poisons. (rPois)


Message History

Your Armour skill increases to level 2!
Your Stealth skill increases to level 2!
Your Shields skill increases to level 2!
Your Evocations skill increases to level 2!
* * * LOW HITPOINT WARNING * * *
You feel sick.
Unknown command.
Okay, then.
Really quaff the potion of mutation?
You feel extremely strange.
You feel more energetic.
Your wild genetic ride slows down.
Your thoughts seem clearer.
* * * LOW HITPOINT WARNING * * *
You feel sick.
Unknown command.
Really quaff the potion of mutation?
You feel extremely strange.
Your thinking seems confused.
Nature stops experimenting on you.
You feel resistant to poisons.
You feel genetically stable.
You die...

## ### #.. ..# #.#
#.# #.# #.# #.#
#.# #.# #.#
####.#### #†#
#.......# #@#
#.##.##.# #.#
#.##.##.# #.#
#.##÷##.# #.#
####.##.##.# #.#
.....##.##.#####.#
#######..........#
##...####### #.###


There were no monsters in sight!

Vanquished Creatures
  3 killer bees (D:4)
  2 worker ants
  9 adders
  2 worms (D:3)
  A dart slug (D:1)
  5 leopard geckos
  7 orcs
  2 ball pythons
  6 bats
  6 giant cockroaches
  10 goblins
  6 hobgoblins
  7 jackals (D:1)
  2 quokkas
  3 frilled lizards
  7 kobolds
  9 rats
87 creatures vanquished.

Notes
Turn   | Place    | Note
-------+----------+-------------------------------------------
     0 | D:1      | FishyPogo the Gnoll Transmuter began the quest for the Orb.
     0 | D:1      | Reached XP level 1. HP: 17/17 MP: 6/6
    87 | D:1      | Reached XP level 2. HP: 8/23 MP: 5/7
   306 | D:1      | Reached XP level 3. HP: 16/28 MP: 9/9
   311 | D:1      | Reached skill level 5 in Spellcasting
   435 | D:1      | Learned a level 3 spell: Spider Form
   533 | D:1      | Reached skill level 1 in Invocations
   985 | D:2      | Reached skill level 1 in Short Blades
   985 | D:2      | Reached skill level 1 in Long Blades
   985 | D:2      | Reached skill level 1 in Axes
   985 | D:2      | Reached skill level 1 in Maces & Flails
   985 | D:2      | Reached skill level 1 in Polearms
   985 | D:2      | Reached skill level 1 in Staves
   985 | D:2      | Reached skill level 1 in Slings
   985 | D:2      | Reached skill level 1 in Bows
   985 | D:2      | Reached skill level 1 in Crossbows
   985 | D:2      | Reached skill level 1 in Throwing
   985 | D:2      | Reached skill level 1 in Armour
   985 | D:2      | Reached skill level 1 in Stealth
   985 | D:2      | Reached skill level 1 in Shields
   985 | D:2      | Reached skill level 1 in Evocations
   985 | D:2      | Reached XP level 4. HP: 27/34 MP: 11/11
  1546 | D:2      | Reached skill level 1 in Conjurations
  1546 | D:2      | Reached skill level 1 in Hexes
  1546 | D:2      | Reached skill level 1 in Charms
  1546 | D:2      | Reached skill level 1 in Summonings
  1546 | D:2      | Reached skill level 1 in Necromancy
  1546 | D:2      | Reached skill level 1 in Translocations
  1546 | D:2      | Reached skill level 1 in Fire Magic
  1546 | D:2      | Reached skill level 1 in Ice Magic
  1546 | D:2      | Reached skill level 1 in Air Magic
  1546 | D:2      | Reached skill level 1 in Earth Magic
  1546 | D:2      | Reached skill level 1 in Poison Magic
  1856 | D:3      | Reached XP level 5. HP: 40/40 MP: 10/12
  2428 | D:4      | Reached XP level 6. HP: 43/47 MP: 11/13
  2483 | D:4      | Gained mutation: Your magical capacity is low. (-10% MP)
                  | [potion of mutation]
  2483 | D:4      | Gained mutation: You evolve. [potion of mutation]
  2483 | D:4      | Gained mutation: You rapidly evolve. [potion of mutation]
  2494 | D:4      | Reached skill level 5 in Dodging
  2505 | D:4      | HP: 1/47 [poisoned by a killer bee]
  2506 | D:4      | Lost mutation: Your magical capacity is low. (-10% MP)
                  | [potion of mutation]
  2506 | D:4      | Lost mutation: You rapidly evolve. [potion of mutation]
  2506 | D:4      | Gained mutation: You possess an exceptional clarity of
                  | mind. [potion of mutation]
  2507 | D:4      | Lost mutation: You possess an exceptional clarity of mind.
                  | [potion of mutation]
  2507 | D:4      | Lost mutation: You evolve. [potion of mutation]
  2507 | D:4      | Gained mutation: Your system is resistant to poisons.
                  | (rPois) [potion of mutation]
  2507 | D:4      | Gained mutation: You are somewhat resistant to further
                  | mutation. [potion of mutation]
  2507 | D:4      | Succumbed to a killer bee's poison

Levels and vault maps discovered:
D:1:      lightli_arrival_lavapool, layout_loops_ring, minmay_quantized
D:2:      layout_basic
D:3:      layout_rooms, minmay_misc_feat_ornament, st_stairs_11,
          minmay_misc_feat_hallway
D:4:      layout_loops_ring, lemuel_temple_firewalk_b, first_ration,
          fedhas_bush_and_centaur_altar

Skill      XL: |  1  2  3  4  5  6 |
---------------+-------------------+-----
Spellcasting   | 5 |  5.4
Invocations    | 1 2 |  2.2
Short Blades   | 1 2 |  2.0
Long Blades    | 1 2 |  2.0
Axes           | 1 2 |  2.0
Maces & Flails | 1 2 |  2.0
Polearms       | 1 2 |  2.0
Staves         | 1 2 |  2.0
Slings         | 1 2 |  2.0
Bows           | 1 2 |  2.0
Crossbows      | 1 2 |  2.0
Throwing       | 1 2 |  2.0
Armour         | 1 2 |  2.0
Stealth        | 1 2 |  2.0
Shields        | 1 2 |  2.0
Evocations     | 1 2 |  2.0
Conjurations   | 1 |  1.6
Hexes          | 1 |  1.6
Charms         | 1 |  1.6
Summonings     | 1 |  1.6
Necromancy     | 1 |  1.6
Translocations | 1 |  1.6
Fire Magic     | 1 |  1.6
Ice Magic      | 1 |  1.6
Air Magic      | 1 |  1.6
Earth Magic    | 1 |  1.6
Poison Magic   | 1 |  1.6
Fighting       | 3 |  3.3
Transmutations | 4 |  4.1
Dodging        | 5 |  5.0
Unarmed Combat | |  6.8

Action                   |  1- 3 |  4- 6 || total
-------------------------+-------+-------++-------
Melee: Unarmed           |    94 |   151 ||   245
       Bite              |    10 |     5 ||    15
       Headbutt          |     9 |    12 ||    21
       Kick              |     8 |    12 ||    20
       Punch             |       |     3 ||     3
Throw: Stone             |     2 |    25 ||    27
 Cast: Beastly Appendage |    16 |    19 ||    35
       Spider Form       |       |     1 ||     1
  Use: Potion            |       |    10 ||    10
 Stab: Sleeping          |     1 |     4 ||     5
  Eat: Chunk             |       |     5 ||     5
Armor: Robe              |    14 |    15 ||    29
Dodge: Dodged            |    67 |   118 ||   185
